 Seeded DCSS version 0.29-a0-96-g93358da72b (webtiles) character file.

Game seed: 20220212 (custom seed)

180 a11behringer the Chopper (level 5, -5/47 HPs)
             Began as a Hill Orc Cinder Acolyte on Feb 12, 2022.
             Was a High Priest of Ignis.
             Splashed by a jelly's acid (7 damage)
             ... on level 4 of the Dungeon.
             The game lasted 00:05:45 (2282 turns).

a11behringer the Chopper (Hill Orc Cinder Acolyte)  Turns: 2282, Time: 00:05:48

Health: -5/47      AC: -1    Str: 17    XL:     5   Next: 60%
Magic:  4/6        EV:  9    Int: 16    God:    Ignis [*****.]
Gold:   111        SH:  0    Dex:  6    Spells: 4/6 levels left

rFire   + . .      SeeInvis .   a - -1 hand axe (flame)
rCold   . . .      Faith    .   (no shield)
rNeg    + . .      Spirit   .   j - +2 scale mail {rN+}
rPois   .          Reflect  .   e - +0 helmet
rElec   .          Harm     .   (no cloak)
rCorr   .          Rampage  .   (no gloves)
Will    .....                   d - +0 pair of boots
Stlth   ..........              (no amulet)
HPRegen 0.15/turn               (no ring)
MPRegen 0.10/turn               (no ring)

@: corroded
A: no striking features
a: Renounce Religion, Fiery Armour, Foxfire Swarm, Rising Flame


You were on level 4 of the Dungeon.
You worshipped Ignis.
Ignis was extremely pleased with you.
You visited 1 branch of the dungeon, and saw 4 of its levels.

You collected 111 gold pieces.

Inventory:

Hand Weapons
 a - a -1 hand axe of flaming (weapon)
Missiles
 c - 39 arrows
 f - 26 bolts
Armour
 b - a +0 robe
 d - a +0 pair of boots (worn)
 e - a +0 helmet (worn)
 h - a +0 leather armour
 j - a +2 scale mail of positive energy (worn)
Potions
 g - 3 potions of attraction
 m - a potion of degeneration


   Skills:
 + Level 4.5 Fighting
 * Level 6.2 Axes
 + Level 1.6 Armour
 + Level 0.7 Dodging
 + Level 0.1 Stealth
 + Level 1.1 Spellcasting
 + Level 3.9 Fire Magic


You had 4 spell levels left.
You knew the following spells:

 Your Spells              Type           Power      Damage    Failure   Level
a - Scorch                Fire           26%        2d6       24%         2

Your spell library contained the following spells:

 Spells                   Type           Power      Damage    Failure   Level
 Inner Flame              Hex/Fire       7%         N/A       71%         3
 Cause Fear               Hex            0%         N/A       100%        4
 Discord                  Hex            0%         N/A       100%        8


Dungeon Overview and Level Annotations

Branches:
Dungeon (4/15)
 Temple: D:4-7

Altars:
Makhleb


Message History

Found 6 poisoned darts and 27 stones.
There is a stone staircase leading up here.
You see here 6 poisoned darts.
You see here 6 poisoned darts.
You see here 27 stones.
A jelly comes into view.
The jelly quivers.
Found a Young Poisoner's Handbook.
The jelly hits you but does no damage.
You hit the jelly but do no damage.
Your hands burn!
The jelly hits you but does no damage.
You hit the jelly. You burn the jelly. The acid corrodes you!
Your hands burn!
The jelly is moderately wounded.
The jelly hits you but does no damage.
You hit the jelly. You burn the jelly. The acid corrodes you!
Your hands burn!
The jelly is heavily wounded.
The jelly hits you. The acid corrodes you!
You are splashed with acid!
You barely miss the jelly.
The jelly is heavily wounded.
The jelly hits you. The acid corrodes you!
You are splashed with acid!
You are too injured to fight recklessly!
You are too injured to fight recklessly!
You are too injured to fight recklessly!
You hit the jelly but do no damage.
Your hands burn!
The jelly is heavily wounded.
The jelly hits you.
* * * LOW HITPOINT WARNING * * *
You are splashed with acid.
* * * LOW HITPOINT WARNING * * *
You hit the jelly but do no damage.
Your hands burn!
* * * LOW HITPOINT WARNING * * *
The jelly is heavily wounded.
The jelly barely misses you.
Casting: Scorch (dangerous; 24% risk of failure)
Confirm with . or Enter, or press ? or * to list all spells.
Flames lash the jelly.
The jelly is severely wounded.
The jelly's fire resistance burns away.
The jelly hits you.
* * * LOW HITPOINT WARNING * * *
You are splashed with acid!
You die...

.......
....... ###
....... ..#
.......##.#
.:......#.#
......#.#
#..J#.#
#..@#.########
#...#<(......#
#...#.#.####.#
#....(#......#
#..####.###..#
#.. #.# .. #..
#.. #.. ###
#..


You could see a jelly (combustible).

Vanquished Creatures
  A scorpion (D:3)
  An orc priest (D:3)
  An iguana (D:3)
  An orc wizard (D:3)
  A worm (D:3)
  2 orcs (D:3)
  2 ball pythons
  6 bats
  4 endoplasms
  5 goblins
  3 hobgoblins
  3 quokkas (D:2)
  2 frilled lizards
  3 kobolds
  4 rats
39 creatures vanquished.

Notes
Turn   | Place    | Note
-------+----------+-------------------------------------------
     0 | D:1      | a11behringer the Hill Orc Cinder Acolyte began the quest
                  | for the Orb.
     0 | D:1      | Reached XP level 1. HP: 19/19 MP: 2/2
   232 | D:1      | Reached XP level 2. HP: 25/27 MP: 3/3
   935 | D:2      | Learned a level 2 spell: Scorch
  1310 | D:2      | Reached XP level 3. HP: 32/32 MP: 4/4
  1605 | D:3      | Found a burning altar of Makhleb.
  1803 | D:3      | Noticed a scorpion
  1811 | D:3      | Killed a scorpion
  1812 | D:3      | Reached skill level 5 in Axes
  1812 | D:3      | Reached XP level 4. HP: 40/40 MP: 5/5
  1866 | D:3      | Reached XP level 5. HP: 41/46 MP: 6/6
  1871 | D:3      | Reached skill level 6 in Axes
  1872 | D:3      | Reached skill level 1 in Armour
  2282 | D:4      | HP: 2/47 [jelly (2)]
  2282 | D:4      | Splashed by a jelly's acid

Illustrated notes

Levels and vault maps discovered:
D:1:      minmay_arrival_cross, layout_rooms, kennysheep_nondescript
D:2:      layout_loops_corners
D:3:      layout_basic, mainiacjoe_overflow_brackets, chequers_mini_garden,
          kennysheep_small_spiral, minmay_misc_feat_tower, grunt_decor_cap
D:4:      layout_basic

Skill      XL: |  1  2  3  4  5 |
---------------+----------------+-----
Fighting       | 4 |  4.5
Axes           | 5 6 |  6.2
Armour         | 1 |  1.6
Dodging        | |  0.7
Stealth        | |  0.1
Spellcasting   | |  1.1
Fire Magic     | |  3.9

Action                   |  1- 3 |  4- 6 || total
-------------------------+-------+-------++-------
Melee: Hand axe          |    95 |    28 ||   123
       Punch             |     1 |       ||     1
 Cast: Scorch            |       |     1 ||     1
Invok: Fiery Armour      |     1 |       ||     1
  Use: Scroll            |       |     4 ||     4
Armor: Robe              |    21 |       ||    21
       Scale mail        |    17 |    22 ||    39
Dodge: Dodged            |    66 |     8 ||    74

Table legend: (Time is in decaauts)
 A = Elapsed time spent in this place.
 B = Non-inter-level travel time spent in this place.
 C = Inter-level travel time spent in this place.
 D = Time resting spent in this place.
 E = Time spent auto-exploring this place.
 F = Levels seen in this place.
 G = Mean time per level.
                   A        B        C        D        E       F      G
               +--------+--------+--------+--------+--------+-----+--------+
         Total |   2291 |   2093 |    198 |      0 |   1788 |   4 |  572.8 |
       Dungeon |   2291 |   2093 |    198 |      0 |   1788 |   4 |  572.8 |
               +--------+--------+--------+--------+--------+-----+--------+

Top non-repeatable levels by time:
     D:2: 914 daAuts
     D:1: 683 daAuts
     D:3: 677 daAuts
     D:4: 15 daAuts
